AoeStats
← MkobeW

Black Forest

510179273Analyzed
4v4 RM · 1d ago on Sep 29, 2026· 46m 54s· 8 players
Game mode
Random Map
Map size
Large (8 player)
Population
200
Speed
Normal
Resources
Standard
Victory
Conquest
Starting age
Dark Age
Ending age
Imperial Age
RankedLock teamsTeams togetherTeam positionsShared explorationLock speedFull tech treeHidden civsTurbo modeCheats
Victory
Defeat
🇺🇸 Saxons · United States
1088
+14
🇺🇸 Spanish · United States
1059
+44
🇨🇦 Hindustanis · Canada
1043
+16
🇺🇸 Turks · United States
1028
+16
🇩🇪 Varangians · Germany
1073
-16
🇲🇽 Maya · Mexico
1071
-17
🇹🇷 Bohemians · Türkiye
1047
-16
🇧🇷 Jurchens · Brazil
946
-12
在里面
5:58 Loom
12:49 Feudal Age
13:22 Horse Collar
14:48 Double-Bit Axe
17:48 Castle Age
16:38 Stone Mining
22:49 Gold Mining
24:17 Wheelbarrow
27:26 Bow Saw
27:19 Heavy Plow
27:45 Pikeman
28:25 Squires
27:46 Man-at-Arms
28:12 Arson
29:23 Hand Cart
28:54 Town Watch
30:03 Gold Shaft Mining
31:45 Husbandry
31:56 Bloodlines
31:06 Light Cavalry
34:42 Imperial Age
32:38 Caravan
35:44 Conscription
35:25 Shatagni
36:02 Hoardings
35:50 Town Patrol
36:54 Chemistry
36:14 Ballistics
35:51 Murder Holes
37:09 Heavy Camel Rider
39:42 Imperial Camel Rider
40:41 Forging
40:31 Scale Mail Armor
40:36 Scale Barding Armor
40:22 Fletching
40:32 Padded Archer Armor
40:52 Grand Trunk Road
46:17 Fortified Wall
46:46 Iron Casting
46:26 Chain Mail Armor
46:31 Chain Barding Armor
46:26 Leather Archer Armor
46:07 Bodkin Arrow
MkobeW
1:29 Loom
13:47 Feudal Age
14:45 Double-Bit Axe
16:07 Horse Collar
20:21 Castle Age
19:06 Gold Mining
19:19 Stone Mining
24:16 Padded Archer Armor
26:20 Leather Archer Armor
26:50 Bloodlines
27:21 Husbandry
29:11 Caravan
32:48 Wheelbarrow
35:20 Imperial Age
35:27 Imperial Age
36:40 Ring Archer Armor
36:51 Hand Cart
38:20 Elite Conquistador
41:23 Conscription
43:08 Ballistics
43:49 Chemistry
42:40 Fletching
43:56 Bodkin Arrow
45:37 Masonry
whoareyoukr
10:26 Feudal Age
12:58 Feudal Age
13:48 Horse Collar
13:56 Double-Bit Axe
16:44 Castle Age
15:37 Gold Mining
15:59 Stone Mining
19:34 Bow Saw
19:40 Scale Mail Armor
20:31 Forging
20:29 Heavy Plow
22:16 Fletching
25:09 Squires
25:35 Gambesons
27:26 Redemption
28:25 Wheelbarrow
29:16 Chain Mail Armor
31:44 Gold Shaft Mining
34:02 Hand Cart
35:15 Iron Casting
37:28 Bodkin Arrow
38:01 Caravan
39:52 Padded Archer Armor
43:06 Imperial Age
40:21 Loom
43:16 Shield Wall
43:32 Elite Varangian Guard
43:58 Arson
45:54 Bracer
Sanzio
7:40 Loom
12:51 Feudal Age
16:48 Castle Age
21:46 Imperial Age
20:05 Double-Bit Axe
23:38 Double-Bit Axe
25:02 Wheelbarrow
24:45 Bow Saw
24:36 Gold Mining
26:40 Horse Collar
29:30 Ballistics
29:59 Treadmill Crane
33:33 Gold Shaft Mining
34:33 Thumb Ring
34:57 Heavy Plow
38:00 Hand Cart
37:14 Heavy Scorpion
39:00 Two-Man Saw
39:24 Stone Mining
40:03 Squires
39:49 Arson
41:26 Conscription
41:09 Artillery
40:32 Elite Janissary
42:54 Town Watch
Burx
0:52 Loom
12:40 Feudal Age
14:46 Double-Bit Axe
17:36 Castle Age
20:07 Bow Saw
21:50 Wheelbarrow
23:05 Horse Collar
26:41 Hand Cart
28:17 Heavy Plow
30:55 Imperial Age
28:14 Town Watch
28:25 Gold Mining
28:26 Stone Mining
30:28 Scale Barding Armor
30:13 Fletching
32:36 Chemistry
32:58 Conscription
33:52 Bodkin Arrow
34:19 Bloodlines
34:09 Husbandry
34:54 Forging
35:19 Bracer
37:05 Heavy Mounted Crossbowman
37:05 Cranequins
37:51 Elite Jarl
40:47 Chain Barding Armor
41:03 Iron Casting
42:16 Ballistics
41:52 Murder Holes
Bittersweet_Ww
6:33 Loom
11:10 Feudal Age
11:40 Double-Bit Axe
11:39 Horse Collar
16:58 Castle Age
18:17 Bow Saw
22:12 Heavy Plow
23:06 Wheelbarrow
22:16 Town Watch
27:13 Imperial Age
26:40 Hand Cart
26:25 Town Patrol
27:44 Chemistry
28:14 Conscription
31:02 Careening
30:59 Siege Engineers
32:27 Two-Man Saw
31:46 Town Patrol
32:43 Houfnice
34:29 Forging
34:19 Scale Mail Armor
34:56 Pikeman
35:36 Squires
36:08 Halberdier
38:22 Iron Casting
38:02 Chain Mail Armor
38:22 Fletching
38:55 Ballistics
40:39 Blast Furnace
42:18 Plate Mail Armor
Bailador Sensual
0:28 Loom
13:16 Feudal Age
17:55 Castle Age
15:48 Fletching
16:41 Double-Bit Axe
16:40 Horse Collar
18:01 Stone Mining
18:06 Gold Mining
24:43 Ballistics
24:59 Bodkin Arrow
26:41 Thumb Ring
26:34 Elite Skirmisher
29:20 Caravan
30:08 Wheelbarrow
29:18 Town Watch
30:21 Bow Saw
30:15 Heavy Plow
30:54 Hul'che Javelineers
32:01 Hand Cart
35:34 Imperial Age
33:45 Padded Archer Armor
34:28 Stone Shaft Mining
34:07 Masonry
34:09 Fortified Wall
Pilgrim
1:23 Loom
15:23 Feudal Age
15:49 Double-Bit Axe
19:48 Wheelbarrow
20:36 Horse Collar
22:33 Wheelbarrow
22:12 Gold Mining
28:06 Castle Age
32:06 Hand Cart
Connection lost

Rejoining the realm…

Still unreachable

The connection could not be restored.

Session expired

The server has moved on; the page needs a fresh start.